 Dungeon Crawl Stone Soup version 0.28.0-47-ge53b351184 (webtiles) character file.

Game seed: 2542913769225644665

9461 DildoBatman the Black Sun (level 11, -8/83 HPs)
             Began as a Formicid Conjurer on Apr 26, 2022.
             Was a High Priest of Kikubaaqudgha.
             Mangled by an orc knight
             ... wielding a +0 war axe
              (12 damage)
             ... in a bailey.
             The game lasted 00:35:37 (8503 turns).

DildoBatman the Black Sun (Formicid Conjurer)       Turns: 8503, Time: 00:35:37

Health: -8/83      AC: 11    Str:  9    XL:     11   Next: 74%
Magic:  11/21      EV: 15    Int: 21    God:    Kikubaaqudgha [*****.]
Gold:   640        SH:  0    Dex: 13    Spells: 15/24 levels left

rFire   + . .      SeeInvis +   a - +7 spear of Kebbantu {vorpal, rElec Str-3 Int+3}
rCold   + . .      Faith    +   (no shield)
rNeg    . . .      Spirit   .   R - +0 ring mail of Evolution {*Slow Regen+ SInv}
rPois   .          Reflect  .   (helmet unavailable)
rElec   +          Harm     .   q - scarf {rC+ rF+}
rCorr   .          Rampage  .   (no gloves)
Will    +....                   J - +0 pair of boots
Stlth   +.........              K - amulet of faith
HPRegen 1.03/turn               G - +4 ring of protection
MPRegen 0.17/turn               w - +4 ring of evasion

@: no status effects
A: permanent stasis, dig shafts and tunnels, antennae 3, four strong arms
a: Dig, Renounce Religion, Receive Corpses, Torment


You were in a bailey.
You worshipped Kikubaaqudgha.
Kikubaaqudgha was extremely pleased with you.
You visited 2 branches of the dungeon, and saw 11 of its levels.
You also visited: Bailey.

You collected 673 gold pieces.
You spent 33 gold pieces at shops.

Inventory:

Hand Weapons
 a - the +7 spear of Kebbantu (weapon) {vorpal, rElec Str-3 Int+3}
   (You found it on level 8 of the Dungeon)

   It inflicts extra damage upon your enemies.
   Str:       It affects your strength (-3).
   Int:       It affects your intelligence (+3).
   rElec:     It insulates you from electricity.
 b - a +0 hunting sling
 d - a +0 falchion
Missiles
 c - 4 datura-tipped darts
 g - 45 bolts
 h - 173 arrows
 i - 103 stones
 p - 13 boomerangs
 x - 62 sling bullets
 A - 2 curare-tipped darts
 I - 36 poisoned darts
 T - 4 atropa-tipped darts
Armour
 q - a scarf of resistance (worn)
 J - a +0 pair of boots (worn)
 R - the +0 ring mail of Evolution (worn) {*Slow Regen+ SInv}
   (You found it in a bailey)

   SInv:      It lets you see invisible.
   Regen:     It increases your rate of health regeneration.
   *Slow:     It may slow you when you take damage.
Magical Staves
 k - a staff of death
 C - a staff of cold
 O - a staff of air
Jewellery
 o - a ring of protection from fire
 r - an amulet of regeneration
 v - a ring of positive energy
 w - a +4 ring of evasion (right hand)
 G - a +4 ring of protection (left hand)
 K - an amulet of faith (around neck)
Wands
 u - a wand of flame (15)
 D - a wand of paralysis (9)
 H - a wand of acid (4)
Scrolls
 j - 3 scrolls of silence
 l - a scroll of magic mapping {unknown}
 s - a scroll of amnesia {unknown}
 t - 2 scrolls of holy word
 y - a scroll of summoning {unknown}
 z - 6 scrolls of identify
 B - 2 scrolls of fear
 E - 2 scrolls of enchant weapon
 L - a scroll of blinking {unknown}
 S - a scroll of vulnerability
 U - a scroll of torment {unknown}
Potions
 e - 4 potions of flight
 f - 6 potions of curing
 m - 2 potions of invisibility
 n - 3 potions of lignification
 F - a potion of cancellation {unknown}
 M - a potion of heal wounds {unknown}
 P - 2 potions of brilliance
Miscellaneous
 N - a box of beasts
 Q - a tin of tremorstones (2/2)


   Skills:
 * Level 6.6 Fighting
 * Level 6.6 Armour
 * Level 4.6 Dodging
 - Level 2.4 Stealth
 - Level 7.0 Spellcasting
 - Level 6.0 Conjurations
 - Level 12.0 Necromancy


You had 15 spell levels left.
You knew the following spells:

 Your Spells              Type           Power      Damage    Failure   Level
a - Searing Ray           Conj           64%        2d6       2%          2
c - Magic Dart            Conj           100%       1d8       1%          1
h - Dispel Undead         Necr           55%        3d20      1%          4
z - Sublimation of Blood  Necr           55%        N/A       1%          2

Your spell library contained the following spells:

 Spells                   Type           Power      Damage    Failure   Level
 Animate Skeleton         Necr           100%       N/A       1%          1
 Pain                     Necr           100%       1d9       1%          1
 Animate Dead             Necr           27%        N/A       1%          4
 Corpse Rot               Necr/Air       64%        N/A       2%          2
 Agony                    Necr           55%        N/A       4%          5
 Excruciating Wounds      Necr           27%        N/A       4%          5
 Shock                    Conj/Air       76%        1d7       6%          1
 Dazzling Flash           Conj/Hex       38%        N/A       19%         3
 Anguish                  Hex/Necr       16%        N/A       19%         4
 Summon Small Mammal      Summ           28%        N/A       22%         1
 Fulminant Prism          Conj/Hex       9%         3d7       52%         4
 Iskenderun's Mystic Bla  Conj/Tloc      19%        2d6       52%         4
 Call Canine Familiar     Summ           7%         N/A       54%         3
 Gell's Gravitas          Tloc           7%         N/A       54%         3
 Inner Flame              Hex/Fire       7%         N/A       54%         3
 Lesser Beckoning         Tloc           7%         N/A       54%         3
 Summon Guardian Golem    Hex/Summ       7%         N/A       54%         3
 Teleport Other           Tloc           7%         N/A       54%         3
 Airstrike                Air            3%         N/A       91%         4
 Cause Fear               Hex            3%         N/A       91%         4
 Leda's Liquefaction      Hex/Erth       3%         N/A       91%         4
 Petrify                  Tmut/Erth      7%         N/A       91%         4
 Simulacrum               Ice/Necr       16%        N/A       95%         6
 Lee's Rapid Deconstruct  Erth           3%         3d6*      99%         5
 Metabolic Englaciation   Hex/Ice        3%         N/A       99%         5
 Statue Form              Tmut/Erth      4%         N/A       100%        6
 Discord                  Hex            3%         N/A       100%        8
 Swiftness                Air            Unusable   N/A       N/A         3

Dungeon Overview and Level Annotations

Branches:
Dungeon (10/15)            Temple (1/1) D:7            Lair (0/6) D:10
    Orc (0/2) D:10         Bailey (1/1)

Altars:
Ashenzari
Cheibriados
Dithmenos
Elyvilon
Fedhas
Gozag
Hepliaklqana
Kikubaaqudgha
Makhleb
Ru
Sif Muna
Trog
Uskayaw
Wu Jian
Yredelemnul
The Shining One

Shops:
D:2 !   D:4 [   D:9 [

Annotations:
D:7 Joseph
D:9 exclusion: lindwurm


Innate Abilities, Weirdness & Mutations

You cannot be hasted, slowed, berserked, paralysed or teleported.
You can dig through walls and to a lower floor.
You have a pair of large antennae on your head. (SInv)
Your four strong arms can wield two-handed weapons with a shield.


Message History

You hit the orc knight.
The orc knight is heavily wounded.
The helpless orc knight fails to defend itself.
You hit the orc knight.
The orc knight is severely wounded.
The helpless orc knight fails to defend itself.
You hit the orc knight but do no damage.
The orc knight is severely wounded.
The helpless orc knight fails to defend itself.
You hit the orc knight but do no damage.
The orc knight is severely wounded.
The helpless orc knight fails to defend itself.
You hit the orc knight but do no damage.
The orc knight is severely wounded.
The orc knight is no longer paralysed.
The orc knight hits you with a +0 war axe.
You hit the orc knight but do no damage.
The orc knight is severely wounded.
The orc knight hits you with a +0 war axe.
You closely miss the orc knight.
The orc knight is heavily wounded.
The orc knight hits you with a +0 war axe!
You hit the orc knight.
The orc knight is severely wounded.
The orc knight hits you with a +0 war axe!!
You hit the orc knight.
The orc knight is severely wounded.
The orc knight closely misses you. The orc knight misses you.
You closely miss the orc knight.
The orc knight is severely wounded.
The orc knight completely misses you.
You hit the orc knight.
The orc knight is severely wounded.
The orc knight hits you with a +0 war axe!!
You hit the orc knight.
The orc knight is almost dead.
The orc knight hits you with a +0 war axe!
You die...
Kikubaaqudgha rasps: "You have failed me!
Welcome... death!"

..≈≈.......≈≈))..#
##≈≈.......≈≈#####
##≈.......≈##
####'''####
##.....##
#∩...[.∩#
#...8...#
##.....## ###@###
#..o# .......
...........
...............
...............
#.............#
###..(....(.###


You could see an orc knight.

Vanquished Creatures
  A two-headed ogre (D:10)
  A flayed ghost (D:8)
  An orc knight (Bailey)
  A troll (D:10)
  6 wraiths
  11 yaks
  4 fire bats (D:8)
  A steam dragon (D:8)
  2 water moccasins
  6 orc warriors
  A black bear (D:6)
  3 necrophages
  3 ogres
  5 centaurs
  9 kobold brigands
  6 bullfrogs
  2 gnoll sergeants
  3 scorpions
  6 killer bees (D:9)
  4 wights (D:9)
  A bullfrog zombie (D:7)
  5 hounds
  2 orc priests
  A jelly (D:8)
  A centaur skeleton (D:7)
  3 iguanas
  10 orc wizards
  A killer bee zombie (D:6)
  4 howler monkey zombies
  8 gnolls
  13 adders
  2 howler monkey skeletons
  2 shadow imps (D:8)
  A white imp (D:6)
  3 ufetubi
  2 adder skeletons (D:4)
  A worm (D:2)
  5 dart slugs
  37 orcs
  6 ball pythons
  5 endoplasms
  2 giant cockroaches
  9 goblins
  7 hobgoblins
  2 quokkas
  13 bats
  2 frilled lizards
  16 kobolds
  4 rats
  A butterfly (D:5)
245 creatures vanquished.

Vanquished Creatures (others)
  7 fungi (D:10)
  3 plants (D:10)
10 creatures vanquished.

Grand Total: 255 creatures vanquished

Notes
Turn   | Place    | Note
-------+----------+-------------------------------------------
     0 | D:1      | DildoBatman the Formicid Conjurer began the quest for the
                  | Orb.
     0 | D:1      | Reached XP level 1. HP: 13/13 MP: 3/3
   159 | D:1      | Reached XP level 2. HP: 10/19 MP: 0/5
   211 | D:1      | Learned a level 2 spell: Searing Ray
   710 | D:1      | Reached XP level 3. HP: 24/24 MP: 0/6
   847 | D:2      | Found an ancient bone altar of Kikubaaqudgha.
   856 | D:2      | Became a worshipper of Kikubaaqudgha
   888 | D:2      | Reached skill level 5 in Conjurations
   888 | D:2      | Reached XP level 4. HP: 8/30 MP: 0/7
  1119 | D:2      | Reached XP level 5. HP: 26/35 MP: 0/8
  1325 | D:2      | Found Xioqoxal's Distillery.
  1336 | D:2      | Bought a potion of curing for 33 gold pieces
  1746 | D:3      | Reached * piety under Kikubaaqudgha
  1746 | D:3      | Received a gift from Kikubaaqudgha
  2191 | D:3      | Reached XP level 6. HP: 41/41 MP: 8/10
  2227 | D:4      | Found Xieneok's Antique Armour Boutique.
  2379 | D:4      | Noticed an ogre
  2423 | D:3      | Reached ** piety under Kikubaaqudgha
  2473 | D:4      | Found an ancient bone altar of Kikubaaqudgha.
  2760 | D:4      | Reached XP level 7. HP: 32/46 MP: 9/14
  2791 | D:4      | Reached skill level 5 in Spellcasting
  2815 | D:4      | Found a shadowy altar of Dithmenos.
  2938 | D:4      | Reached skill level 1 in Fighting
  2938 | D:4      | Reached skill level 1 in Armour
  3274 | D:5      | Entered Level 5 of the Dungeon
  3338 | D:5      | Reached XP level 8. HP: 55/56 MP: 8/17
  3344 | D:5      | Found a hide-covered altar of Uskayaw.
  3715 | D:5      | Found a white marble altar of Elyvilon.
  4520 | D:6      | Reached *** piety under Kikubaaqudgha
  4520 | D:6      | Received a gift from Kikubaaqudgha
  4533 | D:6      | Learned a level 2 spell: Sublimation of Blood
  4538 | D:6      | Learned a level 4 spell: Dispel Undead
  4638 | D:6      | Reached XP level 9. HP: 63/65 MP: 11/19
  4862 | D:7      | Noticed Joseph
  5064 | D:7      | Found a staircase to the Ecumenical Temple.
  5070 | Temple   | Entered the Ecumenical Temple
  5255 | D:7      | Reached skill level 5 in Fighting
  5255 | D:7      | Reached skill level 5 in Armour
  5269 | D:7      | Reached skill level 1 in Necromancy
  5293 | D:7      | Found an opulent altar of Gozag.
  5310 | D:7      | Reached skill level 2 in Necromancy
  5314 | D:7      | Found a broken altar of Ashenzari.
  5414 | D:7      | Reached skill level 3 in Necromancy
  5652 | D:7      | Reached skill level 4 in Necromancy
  5857 | D:8      | Found a glowing golden altar of the Shining One.
  5926 | D:8      | Reached skill level 5 in Necromancy
  5929 | D:8      | Reached skill level 6 in Necromancy
  6054 | D:8      | Reached XP level 10. HP: 74/74 MP: 8/20
  6057 | D:8      | Found a hazy altar of Hepliaklqana.
  6071 | D:8      | Reached **** piety under Kikubaaqudgha
  6072 | D:8      | Reached skill level 7 in Necromancy
  6098 | D:8      | Found a runed translucent door.
  6133 | D:8      | Reached skill level 8 in Necromancy
  6171 | D:8      | Found an opulent altar of Gozag.
  6174 | D:8      | Found a broken altar of Ashenzari.
  6179 | D:8      | Found a basalt altar of Yredelemnul.
  6181 | D:8      | Found a shadowy altar of Dithmenos.
  6192 | D:8      | Noticed a flayed ghost
  6226 | D:8      | Reached skill level 9 in Necromancy
  6304 | D:8      | Found a snail-covered altar of Cheibriados.
  6512 | D:8      | Reached skill level 10 in Necromancy
  6785 | D:8      | Killed a flayed ghost
  6789 | D:8      | Identified the +7 spear of Kebbantu {vorpal, rElec Str-3
                  | Int+3}
  7021 | D:9      | Reached XP level 11. HP: 68/77 MP: 5/21
  7022 | D:9      | Reached skill level 11 in Necromancy
  7286 | D:9      | Found Afuboa's Armour Emporium.
  7319 | D:9      | Reached skill level 12 in Necromancy
  7631 | D:9      | Noticed a lindwurm
  7632 | D:9      | Noticed a lindwurm
  7635 | D:9      | Noticed a lindwurm
  7637 | D:9      | Noticed a lindwurm
  7751 | D:10     | Entered Level 10 of the Dungeon
  7825 | D:10     | Found a staircase to the Orcish Mines.
  7866 | D:10     | Found a blossoming altar of Fedhas.
  7901 | D:10     | Reached ***** piety under Kikubaaqudgha
  7938 | D:10     | Noticed a two-headed ogre
  7970 | D:10     | Killed a two-headed ogre
  8018 | D:10     | Found a staircase to the Lair.
  8070 | D:10     | Found a flagged portal.
  8095 | Bailey   | Entered a bailey
  8284 | Bailey   | Identified the +0 ring mail of Evolution {*Slow Regen+
                  | SInv}
  8323 | Bailey   | Noticed an orc knight
  8358 | Bailey   | Noticed an orc knight
  8396 | Bailey   | Killed an orc knight
  8502 | Bailey   | HP: 3/83 [orc knight/+0 war axe (20)]
  8503 | Bailey   | Mangled by an orc knight

Illustrated notes

Levels and vault maps discovered:
D:1:      shiori_arrival_oz, layout_basic
D:2:      layout_basic, serial_shops, shop, basic_altar
D:3:      layout_basic
D:4:      layout_cave_pools, overflow_temple_1_default,
          nicolae_dithmenos_through_a_glass_darkly, serial_shops, shop_coins,
          minmay_bisected
D:5:      layout_rooms, lemuel_coloured_pillars_altar,
          nicolae_elyvilon_peaceful_grove
D:6:      layout_basic
D:7:      layout_basic, mainiacjoe_overflow_divided_tiny,
          minmay_temple_entry_statues_pillars, uniq_joseph
D:8:      due_megacathedral, layout_basic, mainiacjoe_overflow_six_doors_small,
          minmay_misc_feat_columns
D:9:      layout_loops_ring, serial_shops, nicolae_inconvenience_store,
          minmay_lindwurm_lava
D:10:     layout_rooms, fedhas_altar_3, beargit_hepliaklqana_dungeon_heroes,
          dpeg_oklobed_lair, orc_0_dummy, enter_bailey_4
Temple:   cyrus_circular_temple
Bailey:   bailey_axe_3, bailey

Skill      XL: |  1  2  3  4  5  6  7  8  9 10 11 |
---------------+----------------------------------+-----
Conjurations   | 4 5 6 |  6.0
Spellcasting   | 4 6 7 |  7.0
Fighting       | 2 3 5 6 |  6.6
Armour         | 2 4 5 6 |  6.6
Dodging        | 3 4 |  4.6
Necromancy     | 6 10 12 | 12.0
Stealth        | |  2.4

Action                   |  1- 3 |  4- 6 |  7- 9 | 10-12 || total
-------------------------+-------+-------+-------+-------++-------
Melee: Unarmed           |    24 |       |       |       ||    24
       Falchion          |    15 |    24 |    45 |       ||    84
       Dagger            |       |       |    94 |     5 ||    99
       Punch             |       |       |     4 |     3 ||     7
       Spear             |       |       |       |   129 ||   129
 Fire: Hunting sling     |       |    52 |   121 |    26 ||   199
 Cast: Magic Dart        |    18 |    20 |     5 |    35 ||    78
       Searing Ray       |     7 |    24 |    47 |    46 ||   124
       Dispel Undead     |       |       |       |    17 ||    17
       Sublimation of Bl |       |       |       |     9 ||     9
 Abil: Dig               |       |       |       |     1 ||     1
Evoke: Wand              |       |       |       |     6 ||     6
  Use: Scroll            |       |       |       |    11 ||    11
 Stab: Sleeping          |     1 |       |       |       ||     1
       Distracted        |       |     1 |       |     1 ||     2
       Paralysed         |       |       |       |    23 ||    23
Armor: Robe              |     8 |    10 |    58 |    28 ||   104
       Ring mail         |       |       |       |     2 ||     2
Dodge: Dodged            |    46 |    35 |   185 |   202 ||   468
